 Dungeon Crawl Stone Soup version 0.30-b1-2-g02819fbbbe (webtiles) character file.

Game seed: 6136218459081056847

9 Alarkh the Vexing (level 2, 21/21 HPs)
             Began as a Demonspawn Hexslinger on July 7, 2023.
             Got out of the dungeon alive.
             The game lasted 00:00:39 (578 turns).

Alarkh the Vexing (Demonspawn Hexslinger)            Turns: 578, Time: 00:00:39

Health: 21/21      AC:  5    Str: 10    XL:     2   Next: 3%
Magic:  3/3        EV: 11    Int: 14    God:
Gold:   21         SH:  0    Dex: 13    Spells: 2/3 levels left

rFire   + . .        a - +1 sling
rCold   . . .        (no shield)
rNeg    . . .        f - +1 leather armour {rF+}
rPois   .            (helmet restricted)
rElec   .            i - +0 cloak
rCorr   .            (no gloves)
SInv    .            (no boots)
Will    .....        (no amulet)
Stlth   +            (no ring)
HPRegen 0.23/turn    (no ring)
MPRegen 0.08/turn

%: no passive effects
@: no status effects
A: horns 1
a: no special abilities


You escaped.
You visited 1 branch of the dungeon, and saw 1 of its levels.

You collected 21 gold pieces.

Inventory:

Hand Weapons
 a - a +1 sling (weapon)
Armour
 c - a +0 robe
 f - a +1 leather armour of fire resistance (worn)
 i - a +0 cloak (worn)
Jewellery
 g - a ring of fire
Scrolls
 b - 2 scrolls of poison
 d - 2 scrolls of fog {unknown}
 h - a scroll of teleportation {unknown}
 j - a scroll of noise {unknown}
 l - a scroll of enchant weapon {unknown}
Potions
 e - a potion of brilliance {unknown}
 k - 2 potions of resistance {unknown}
 m - a potion of curing {unknown}


   Skills:
 - Level 1.0 Fighting
 + Level 2.5 Ranged Weapons
 - Level 1.7 Dodging
 - Level 1.0 Spellcasting
 - Level 3.0 Hexes


You had 2 spell levels left.
You knew the following spells:

 Your Spells              Type           Power      Damage    Failure   Level
a - Slow                  Hex            36%        N/A       11%         1

Your spell library contained the following spells:

 Spells                   Type           Power      Damage    Failure   Level
 Apportation              Tloc           0%         N/A       34%         1
 Inner Flame              Hex/Fire       4%         N/A       50%         3
 Portal Projectile        Hex/Tloc       8%         N/A       50%         3
 Cause Fear               Hex            4%         N/A       71%         4
 Alistair's Intoxication  Tmut/Pois      0%         N/A       100%        5


Dungeon Overview and Level Annotations

Branches:
Dungeon (1/15)

Altars:

Shops:
D:1 =?=(


Innate Abilities, Weirdness & Mutations

You have a pair of small horns on your head.


Message History

You shoot a sling bullet.
The sling bullet barely misses the kobold.
You shoot a sling bullet.
The sling bullet hits the kobold but does no damage.
You shoot a sling bullet.
The sling bullet closely misses the kobold.
The kobold hits you with a +0 dagger.
You shoot a sling bullet. The sling bullet hits the kobold!
You kill the kobold!
You have reached level 2!
Your demonic ancestry asserts itself...
A pair of horns grows on your head!
HP restored.
You see here a +0 dagger.
d - 2 scrolls labelled NOODIXK DEMOY (gained 1)
Found Sualuck's Jewellery Shop.
l - a scroll labelled GYL YFIUFIKK
m - a yellow potion
There is an entrance to Sualuck's Jewellery Shop here.
Unknown command.
b - 2 scrolls of poison (gained 1)
You pick up a book of Party Tricks and begin reading...
You add the spells Apportation and Alistair's Intoxication to your library.
k - 2 amethyst potions (gained 1)
Found Huyt's Jewellery Shop.
You open the door.
There is an open door here.
There is an entrance to Huyt's Jewellery Shop here.
You open the door.
There is an open door here.
Found Rohyam's Magic Scroll Boutique.
Found a stone staircase leading down.
There is an entrance to Rohyam's Magic Scroll Boutique here.
Partly explored, can't reach some items.
Partly explored, can't reach some items.
Partly explored, can't reach some items.
Partly explored, can't reach some items.
There is a staircase leading out of the dungeon here.
Are you sure you want to leave the Dungeon?
This will make you lose the game!
You have escaped!

..........####.###.#.#.#.#####.#.
#............#...#...#.....# #...
##........##.###.#########.######
##........##.....# #.#.....#.#.
#####..##.####.### #.#.###.#.##
##........##...# #)..# #...#.
#..######.##.### ###.#.###.###.
..## ##.##...### #...#.....#...
### ##..####.#@###.#########.##
##...# #.....#...........#
#....#######################
#...........................
#...............)...........
#.................##########
###∩##............#
####..........### ####.........##


There were no monsters in sight!

Vanquished Creatures
  2 endoplasms (D:1)
  A hobgoblin (D:1)
  A ball python (D:1)
  A frilled lizard (D:1)
  4 kobolds (D:1)
9 creatures vanquished.

Notes
Turn   | Place    | Note
-------+----------+-------------------------------------------
     0 | D:1      | Alarkh the Demonspawn Hexslinger began the quest for the
                  | Orb.
     0 | D:1      | Reached XP level 1. HP: 15/15 MP: 2/2
   122 | D:1      | Found Siat's Antique Weapon Shoppe.
   436 | D:1      | Gained mutation: You have a pair of small horns on your
                  | head. [demonic ancestry]
   436 | D:1      | Reached XP level 2. HP: 20/21 MP: 3/3
   449 | D:1      | Found Sualuck's Jewellery Shop.
   509 | D:1      | Found Huyt's Jewellery Shop.
   524 | D:1      | Found Rohyam's Magic Scroll Boutique.
   578 | D:$      | Got out of the dungeon alive.

Illustrated notes

Levels and vault maps discovered:
D:1:      elethiomel_arrival_maze, layout_rooms, serial_shops,
          nicolae_shop_tiny_statue_garden, nicolae_shop_just_a_little_nook,
          nicolae_shop_hallway_plus, nicolae_square_shop,
          corexii_item_surrounded_by_moat

Skill      XL: |  1 |
---------------+----+-----
Ranged Weapons | 2 |  2.5
Fighting       | |  1.0
Dodging        | |  1.7
Spellcasting   | |  1.0
Hexes          | |  3.0

Action                     || total
---------------------------++-------
   Fire: Sling             ||    22
 Armour: Leather armour    ||     1
